 Dungeon Crawl Stone Soup version 0.20-a0-1058-g0491fde (webtiles) character file.

77 Alarkh the Insei (level 4, 33/33 HPs)
             Began as a Demonspawn Transmuter on Apr 26, 2017.
             Was a Follower of Jiyva.
             Quit the game on level 2 of the Dungeon.
             The game lasted 00:03:48 (3195 turns).

Alarkh the Insei (Demonspawn Transmuter)            Turns: 3195, Time: 00:03:49

Health: 33/33      AC:  3    Str: 10    XL:     4   Next: 13%
Magic:  7/7        EV: 13    Int: 15    God:    Jiyva [*.....]
Gold:   55         SH:  0    Dex: 14    Spells: 6/7 levels left

rFire    . . .     SeeInvis .     - Unarmed
rCold    . . .     Gourm    .   (no shield)
rNeg     . . .     Faith    .   b - +0 robe
rPois    .         Spirit   .   (no helmet)
rElec    .         Reflect  .   (no cloak)
rCorr    .         Harm     .   f - +0 pair of gloves
MR       .....                  (no boots)
Stlth    +.........             (no amulet)
Regen    0.2/turn               (no ring)
MPRegen  0.1/turn               (no ring)

@: no status effects
A: powered by pain 2
a: Request Jelly, Renounce Religion


You were on level 2 of the Dungeon.
You worshipped Jiyva.
Jiyva was aware of your devotion.
You were not hungry.

You visited 1 branch of the dungeon, and saw 2 of its levels.

You collected 55 gold pieces.

Inventory:

Missiles
 a - 29 arrows
Armour
 b - a +0 robe (worn)
 f - a +0 pair of gloves (worn)
Scrolls
 e - a scroll of identify
 g - a scroll of fog {unknown}
 j - a scroll of remove curse {unknown}
 l - 3 scrolls of teleportation
Potions
 h - a potion of resistance
Books
 c - a book of Changes

   Spells                             Type                      Level
   a - Beastly Appendage              Transmutation                1
   b - Sticks to Snakes               Transmutation                2
   c - Spider Form                    Transmutation/Poison         3
   d - Ice Form                       Ice/Transmutation            4
   e - Blade Hands                    Transmutation                5
Comestibles
 d - 2 bread rations
 k - a royal jelly


   Skills:
 + Level 2.0 Fighting
 + Level 2.6 Dodging
 * Level 3.6 Unarmed Combat
 - Level 2.0 Spellcasting
 - Level 1.7 Transmutations


You had 6 spell levels left.
You knew the following spells:

 Your Spells              Type           Power        Failure   Level  Hunger
a - Beastly Appendage     Tmut           #.....       11%         1    #......


Dungeon Overview and Level Annotations

Branches:
Dungeon (2/15)

Altars:
Ashenzari
Cheibriados
Dithmenos
Trog
Xom
Jiyva


Innate Abilities, Weirdness & Mutations

You sometimes gain power by taking damage.


Message History

i - a chunk of flesh Eating a chunk of flesh.
You eat the chunk of flesh.
This raw flesh tastes terrible.
Your talons disappear.
A rat comes into view.
A rat is nearby!
A rat is nearby!
You punch the rat!
You kill the rat!
You hear a distant slurping noise.
No target in view!
No target in view!
No target in view!
No target in view!
No target in view!
No target in view!
No target in view!
No target in view!
A kobold comes into view.
Are you sure you want to abandon this character and quit the game? (Confirm with "yes".)

K. ### #... ..# #
#.#.###.#. .......#.
#...... # #..#..# .#
#.#>....##.# ##.
#......@##.# ... .
#######...###.##.##.# ##
#######....###..###.......#
##.
....##.......##...#......
##..
..#.#.........###.#.##.# #
##...
...##....#...)##.#.....#.#
#....
..###...###..).##.#.#.##.#
##...
.#..'...#y#._..####......#
##.. ...##...###...)#
##...### ####.


You could see a kobold (sleeping).

Vanquished Creatures
  2 adders (D:2)
  3 worms (D:2)
  2 dart slugs
  7 bats
  A giant cockroach (D:1)
  4 goblins
  8 hobgoblins
  5 kobolds
  2 quokkas (D:2)
  2 ball pythons (D:1)
  2 frilled lizards
  7 rats
45 creatures vanquished.

Vanquished Creatures (others)
  A hobgoblin (D:2)
  2 bats (D:2)
3 creatures vanquished.

Grand Total: 48 creatures vanquished

Notes
Turn   | Place    | Note
-------+----------+-------------------------------------------
     0 | D:1      | Alarkh the Demonspawn Transmuter began the quest for the Orb.
     0 | D:1      | Reached XP level 1. HP: 15/15 MP: 3/3
   142 | D:1      | Reached skill level 3 in Unarmed Combat
   142 | D:1      | Gained mutation: You sometimes gain a little power by taking damage. [demonic ancestry]
   142 | D:1      | Reached XP level 2. HP: 1/21 MP: 1/5
  1000 | D:2      | Found a snail-covered altar of Cheibriados.
  1487 | D:2      | Gained mutation: You sometimes gain power by taking damage. [demonic ancestry]
  1487 | D:2      | Reached XP level 3. HP: 4/27 MP: 4/6
  2453 | D:2      | Noticed a moth of wrath
  2455 | D:2      | Found a bloodstained altar of Trog.
  2525 | D:2      | Reached XP level 4. HP: 12/33 MP: 5/7
  3044 | D:2      | Found a shimmering altar of Xom.
  3044 | D:2      | Found a shattered altar of Ashenzari.
  3052 | D:2      | Found a faded altar of an unknown god.
  3054 | D:2      | Found a shadowy altar of Dithmenos.
  3056 | D:2      | Found a faded altar of an unknown god.
  3083 | D:2      | Became a worshipper of Jiyva Jexuym the Shapeless
  3083 | D:2      | Reached * piety under Jiyva
  3195 | D:2      | Quit the game

Vault maps used:
D:1:      lightli_arrival_boilingwater, minmay_misc_feat_iff
D:2:      overflow_temple_1_default, tgw_trog,
          chequers_temple_overflow_minitemple, minmay_box_of_dots

Skill      XL: |  1  2  3 |
---------------+----------+-----
Unarmed Combat | 3 |  3.6
Dodging        | 2 |  2.6
Fighting       | 2 |  2.0
Spellcasting   | |  2.0
Transmutations | |  1.7

Action                   |  1- 3 |  4- 6 || total
-------------------------+-------+-------++-------
Melee: Unarmed           |   167 |    47 ||   214
       Kick              |    13 |       ||    13
       Headbutt          |     4 |     1 ||     5
       Punch             |       |     1 ||     1
 Cast: Beastly Appendage |    23 |     2 ||    25
  Use: Scroll            |     3 |       ||     3
       Potion            |     1 |       ||     1
 Stab: Sleeping          |     1 |       ||     1
  Eat: Chunk             |     6 |     2 ||     8
Armor: Robe              |    32 |    14 ||    46
Dodge: Dodged            |   108 |    39 ||   147
